 Dungeon Crawl Stone Soup version 0.25-a0-505-gae4569222e (webtiles) character file.

Game seed: 13077831116381986181, levelgen mode: deterministic

282 Molok the Slasher (level 6, -3/47 HPs)
             Began as a Demonspawn Gladiator on Feb 14, 2020.
             Killed by divine providence
             ... invoked by an orc priest
              (16 damage)
             ... on level 3 of the Dungeon.
             The game lasted 00:10:10 (2185 turns).

Molok the Slasher (Demonspawn Gladiator)            Turns: 2185, Time: 00:10:10

Health: -3/47      AC:  8    Str: 17    XL:     6   Next: 6%
Magic:  6/6        EV: 12    Int:  9    God:
Gold:   200        SH:  0    Dex: 14    Spells: 5/5 levels left

rFire    . . .     SeeInvis .   o - +2 dagger (pain)
rCold    . . .     Gourm    .   (no shield)
rNeg     . . .     Faith    .   l - +0 ring mail
rPois    .         Spirit   .   (helmet restricted)
rElec    .         Reflect  .   (no cloak)
rCorr    .         Harm     .   c - +0 pair of gloves
MR       .....                  (no boots)
Stlth    +.........             s - amulet of the acrobat
HPRegen  0.15/turn              (no ring)
MPRegen  0.10/turn              (no ring)

@: no status effects
A: horns 2, molten scales 1, powered by pain 1, spiny 1
a: no special abilities


You were on level 3 of the Dungeon.
You were not hungry.

You visited 1 branch of the dungeon, and saw 3 of its levels.

You collected 200 gold pieces.

Inventory:

Hand Weapons
 a - a +0 long sword
 o - a +2 dagger of pain (weapon)
 r - a +3 dagger
Missiles
 d - 3 throwing nets
 j - 20 poisoned darts
 k - 7 curare-tipped darts (quivered)
Armour
 c - a +0 pair of gloves (worn)
 l - a +0 ring mail (worn)
Jewellery
 s - an amulet of the acrobat (around neck)
Scrolls
 e - 2 scrolls of remove curse {unknown}
 i - a scroll of random uselessness {unknown}
 n - a scroll of blinking {unknown}
 p - 2 scrolls of fog {unknown}
 q - a scroll of teleportation {unknown}
 u - a scroll of magic mapping {unknown}
Potions
 b - a potion of flight {unknown}
 g - a potion of lignification {unknown}
 m - a potion of berserk rage
 t - a potion of resistance {unknown}
Comestibles
 f - 5 rations
 v - 7 chunks of flesh


   Skills:
 + Level 3.6 Fighting
 * Level 4.8 Long Blades
 - Level 1.7 Throwing
 + Level 2.3 Armour
 - Level 2.6 Dodging


You had 5 spell levels left.
You didn't know any spells.
Your spell library was empty.

Dungeon Overview and Level Annotations

Branches:
Dungeon (3/15)

Altars:
Gozag
Trog

Shops:
D:2 *


Innate Abilities, Weirdness & Mutations

You have a pair of horns on your head.
You are partially covered in molten scales. (AC +2)
You sometimes gain a little power by taking damage.
You are partially covered in sharp spines.


Message History

The orc priest mumbles some strange prayers to Beogh against you.
Beogh smites you!
You barely miss the orc priest.
The kobold shouts!
Your headbutt misses the orc priest.
The orc priest is moderately wounded.
The orc priest closely misses you.
You hit the orc priest but do no damage.
The orc priest is moderately wounded.
The orc priest invokes the aid of Beogh against you.
Pain shoots through your body!
* * * LOW HITPOINT WARNING * * *
You hit the orc priest but do no damage.
The orc priest is moderately wounded.
You closely miss the orc priest.
The orc priest is moderately wounded.
The orc priest barely misses you.
The orc priest invokes the aid of Beogh against you.
Beogh smites you!
You die...

#.# #.# ##.##
####...########
........o.o....####.#
###.......#o..o.....#
#.#...#.#.##o######
#.#...#.#.##o#
#.#.......##@#
#.##..#.####.#
#.##..#.####.#
#.#..........##
#.......#.##K.##### ###
#.........#.#.#.#.##
..###.#..####..........#
..รท...........#.......##
..###.#...........>....#


You could see 2 orc priests, an orc and a kobold.

Vanquished Creatures
  An ogre (D:3)
  An orc wizard (D:3)
  An iguana (D:3)
  Robin (D:3)
  5 adders
  2 worms
  3 dart slugs
  5 orcs (D:3)
  4 giant cockroaches
  11 goblins
  10 hobgoblins
  6 jackals (D:2)
  5 kobolds
  A quokka (D:3)
  A ball python (D:1)
  7 bats
  4 frilled lizards
  9 rats
77 creatures vanquished.

Notes
Turn   | Place    | Note
-------+----------+-------------------------------------------
     0 | D:1      | Molok the Demonspawn Gladiator began the quest for the Orb.
     0 | D:1      | Reached XP level 1. HP: 16/16 MP: 1/1
   116 | D:1      | Reached skill level 3 in Long Blades
   140 | D:1      | Gained mutation: You are partially covered in sharp spines.
                  | [demonic ancestry]
   140 | D:1      | Reached XP level 2. HP: 12/22 MP: 2/2
   908 | D:2      | Found Gozag's Platinum Reserve.
   912 | D:2      | Found an opulent altar of Gozag.
  1041 | D:2      | Gained mutation: You have a pair of small horns on your
                  | head. [demonic ancestry]
  1041 | D:2      | Reached XP level 3. HP: 27/28 MP: 3/3
  1073 | D:2      | Reached skill level 1 in Armour
  1177 | D:2      | Gained mutation: You sometimes gain a little power by
                  | taking damage. [demonic ancestry]
  1177 | D:2      | Reached XP level 4. HP: 25/34 MP: 4/4
  1289 | D:2      | Found a bloodstained altar of Trog.
  1601 | D:3      | Noticed an ogre
  1612 | D:3      | Killed an ogre
  1612 | D:3      | Reached skill level 4 in Long Blades
  1612 | D:3      | Gained mutation: You are partially covered in molten
                  | scales. (AC +2) [demonic ancestry]
  1612 | D:3      | Reached XP level 5. HP: 38/41 MP: 5/5
  1999 | D:3      | Noticed Robin
  2018 | D:3      | Killed Robin
  2020 | D:3      | Gained mutation: You have a pair of horns on your head.
                  | [demonic ancestry]
  2020 | D:3      | Reached XP level 6. HP: 39/47 MP: 6/6
  2185 | D:3      | Killed from afar by an orc priest

Levels and vault maps discovered:
D:1:      heliophobic_arrival_ceremonial_halls, layout_rooms,
          serial_bayou_lagoon_b
D:2:      layout_basic, nicolae_gozag_zags_fifth_avenue, serial_glass,
          glass_columns_b, glass_columns_b, trog_book
D:3:      layout_loops_corners, first_ration, st_stairs_4, uniq_robin

Skill      XL: |  1  2  3  4 |
---------------+-------------+-----
Long Blades    | 3 4 |  4.8
Armour         | 1 2 |  2.3
Fighting       | 3 |  3.6
Throwing       | |  1.7
Dodging        | |  2.6

Action                   |  1- 3 |  4- 6 || total
-------------------------+-------+-------++-------
Melee: Long sword        |    66 |       ||    66
       Headbutt          |     6 |    27 ||    33
       Dagger            |     3 |   119 ||   122
Throw: Dart              |       |     2 ||     2
  Use: Scroll            |       |     3 ||     3
  Eat: Chunk             |     1 |     3 ||     4
Armor: Leather armour    |    21 |       ||    21
       Ring mail         |     7 |    19 ||    26
Dodge: Dodged            |    46 |    56 ||   102
       Rpst.: Long sword |    13 |       ||    13

Table legend:
 A = Non-vault XP
 B = Vault XP
 C = Vault XP percentage of total XP
 D = Non-vault monster count
 E = Vault monster count
 F = Vault count percentage of total count
                 A         B        C        D         E       F
            +---------+---------+-------+---------+---------+-------
      Total |     367 |      36 |   8.9 |      65 |      12 |  15.6
            +---------+---------+-------+---------+---------+-------
        D:1 |      38 |       0 |   0.0 |      21 |       0 |   0.0
        D:2 |      82 |       0 |   0.0 |      25 |       0 |   0.0
        D:3 |     247 |      36 |  12.7 |      19 |      12 |  38.7
            +---------+---------+-------+---------+---------+-------
